 Dungeon Crawl Stone Soup version 0.29-a0-721-g7f417c9bbb (webtiles) character file.

Game seed: 18404451000320878684

1359 bande the Chopper (level 8, -1/49 HPs)
             Began as a Gargoyle Fighter on June 28, 2022.
             Was a Follower of Okawaru.
             Slain by a gargoyle
             ... wielding a +0 morningstar
              (9 damage)
             ... on level 6 of the Dungeon.
             The game lasted 00:09:56 (7097 turns).

bande the Chopper (Gargoyle Fighter)                Turns: 7097, Time: 00:09:57

Health: -1/49      AC: 22    Str: 19    XL:     8   Next: 64%
Magic:  9/9        EV:  7    Int: 10    God:    Okawaru [*.....]
Gold:   190        SH:  5    Dex: 11    Spells: 7/7 levels left

rFire   . . .      SeeInvis .   a - +0 war axe (protect)
rCold   . . .      Faith    +   c - +0 buckler
rNeg    + . .      Spirit   .   g - +0 chain mail
rPois   ∞          Reflect  .   (no helmet)
rElec   +          Harm     .   m - scarf {repulsion}
rCorr   .          Rampage  .   (no gloves)
Will    .....                   (no boots)
Stlth   ..........              h - amulet of faith
HPRegen 0.16/turn               (no ring)
MPRegen 0.11/turn               (no ring)

@: under a protective aura, repel missiles
A: sickness immunity, AC +5, negative energy resistance 1, electricity
resistance, torment resistance 1, petrification resistance
a: Renounce Religion, Heroism


You were on level 6 of the Dungeon.
You worshipped Okawaru.
Okawaru was aware of your devotion.
You visited 2 branches of the dungeon, and saw 8 of its levels.

You collected 190 gold pieces.

Inventory:

Hand Weapons
 a - a +0 war axe of protection (weapon)
 i - a +2 flail of holy wrath
 j - a +0 arbalest
Armour
 c - a +0 buckler (worn)
 g - a +0 chain mail (worn)
 m - a scarf of repulsion (worn)
Jewellery
 h - an amulet of faith (around neck)
Scrolls
 b - a scroll of identify
 n - a scroll of poison {unknown}
Potions
 d - 3 potions of might
 e - a potion of brilliance
 f - a potion of curing
 k - a potion of heal wounds
 l - a potion of resistance
 o - a potion of berserk rage {unknown}


   Skills:
 + Level 5.1 Fighting
 + Level 6.6 Axes
 + Level 6.4 Armour
 + Level 4.9 Shields
 * Level 2.2 Invocations


You had 7 spell levels left.
You didn't know any spells.
Your spell library contained the following spells:

 Spells                   Type           Power      Damage    Failure   Level
 Apportation              Tloc           0%         N/A       99%         1
 Necrotize                Necr           0%         1d4       99%         1
 Ensorcelled Hibernation  Hex/Ice        0%         N/A       100%        2
 Passwall                 Tmut/Erth      0%         N/A       100%        2
 Confusing Touch          Hex            0%         N/A       100%        3
 Swiftness                Air            0%         N/A       100%        3
 Yara's Violent Unravell  Hex/Tmut       0%         3d3       100%        5
 Enfeeble                 Hex            0%         N/A       100%        7
 Orb of Destruction       Conj           0%         9d5       100%        7
 Summon Small Mammal      Summ           Unusable   N/A       N/A         1
 Summon Guardian Golem    Hex/Summ       Unusable   N/A       N/A         3
 Spellforged Servitor     Conj/Summ      Unusable   N/A       N/A         7

Dungeon Overview and Level Annotations

Branches:
Dungeon (7/15)             Temple (1/1) D:4

Altars:
Ashenzari
Cheibriados
Dithmenos
Elyvilon
Fedhas
Gozag
Hepliaklqana
Kikubaaqudgha
Makhleb
Nemelex Xobeh
Okawaru
Qazlal
Ru
Sif Muna
Trog
Uskayaw
Vehumet
Wu Jian
Xom
Yredelemnul


Innate Abilities, Weirdness & Mutations

You are immune to sickness and miasma.
Your stone body is resilient. (AC +5)
You are immune to poison.
You resist negative energy. (rN+)
You are resistant to electric shocks. (rElec)
You are resistant to unholy torment.
You are immune to petrification.


Message History

The stone arrow misses you.
You hit the gargoyle.
The gargoyle is moderately damaged.
The gargoyle hits you but does no damage.
You barely miss the gargoyle.
The gargoyle is moderately damaged.
The gargoyle hits you with a +0 morningstar.
You hit the gargoyle but do no damage.
The gargoyle is moderately damaged.
The gargoyle hurls a stone arrow at you.
The stone arrow hits you! The gargoyle barely misses you.
You closely miss the gargoyle.
The gargoyle is moderately damaged.
The gargoyle hurls a stone arrow at you.
The stone arrow is repelled.
You hit the gargoyle.
The gargoyle is heavily damaged.
The gargoyle hits you with a +0 morningstar.
You hit the gargoyle but do no damage.
The gargoyle is heavily damaged.
The gargoyle barely misses you.
You hit the gargoyle.
The gargoyle is heavily damaged.
The gargoyle hurls a stone arrow at you.
The stone arrow hits you.
The gargoyle hits you with a +0 morningstar.
You hit the gargoyle but do no damage.
The gargoyle is heavily damaged.
A vampire mosquito comes into view.
The gargoyle hits you with a +0 morningstar!
* * * LOW HITPOINT WARNING * * *
The vampire mosquito buzzes angrily.
You hit the gargoyle but do no damage.
The gargoyle is heavily damaged.
The gargoyle hits you with a +0 morningstar.
* * * LOW HITPOINT WARNING * * *
You hit the gargoyle but do no damage.
The gargoyle is heavily damaged.
The gargoyle hits you with a +0 morningstar!
You die...

. #..)......#....#
.#####...#####.#.## #
#.#.#..######..### .#.
#......# #....# ....
.......# ##....# #..♣
......## #.....####...♣
......# ##...........♣
......# #....)[9..♣♣♣.
##.#### ####...#@...♣♣
##.####... #...#>....♣
.#......................
................y....♣♣♣
...##...............♣♣
##.# #.............♣♣
.... #..........#..
...8.#..........##..
......# .........# ...


You could see a vampire mosquito and a gargoyle.

Vanquished Creatures
  A vampire mosquito (D:7)
  2 water moccasins
  An ice beast (D:4)
  A sky beast (D:7)
  A black bear (D:4)
  An ogre (D:4)
  2 centaurs (D:5)
  A phantom (D:5)
  A howler monkey (D:5)
  2 hounds
  2 jellies
  An iguana (D:4)
  Jessica (D:3)
  Terence (D:3)
  7 gnolls
  6 adders
  A white imp (D:6)
  3 dart slugs
  7 orcs
  7 ball pythons
  3 bats (D:1)
  4 endoplasms
  6 giant cockroaches
  4 goblins
  4 hobgoblins
  8 jackals
  7 frilled lizards
  3 kobolds
  8 rats
96 creatures vanquished.

Notes
Turn   | Place    | Note
-------+----------+-------------------------------------------
     0 | D:1      | bande the Gargoyle Fighter began the quest for the Orb.
     0 | D:1      | Reached XP level 1. HP: 14/14 MP: 1/1
   528 | D:1      | Reached XP level 2. HP: 18/19 MP: 2/2
   994 | D:1      | Reached XP level 3. HP: 23/23 MP: 3/3
  1548 | D:2      | You fall into a shaft and drop 1 floor!
  1562 | D:3      | Reached XP level 4. HP: 29/29 MP: 4/4
  1619 | D:3      | Noticed a water moccasin
  1632 | D:3      | Killed a water moccasin
  1633 | D:3      | Reached XP level 5. HP: 10/33 MP: 5/5
  2163 | D:3      | Found a hide-covered altar of Uskayaw.
  2163 | D:3      | Noticed a +0 hand axe
  2163 | D:3      | Noticed a +0 hand axe
  2287 | D:3      | Noticed Terence
  2293 | D:3      | Killed Terence
  2335 | D:3      | Reached XP level 6. HP: 36/38 MP: 6/6
  2488 | D:3      | Noticed Jessica
  2512 | D:3      | Killed Jessica
  3199 | D:4      | HP: 1/38 [gnoll/+0 spear (6)]
  3599 | D:4      | Noticed a black bear
  3609 | D:4      | Killed a black bear
  3610 | D:4      | Reached skill level 5 in Armour
  3639 | D:4      | Reached XP level 7. HP: 14/44 MP: 7/7
  3959 | D:4      | Found a staircase to the Ecumenical Temple.
  3975 | Temple   | Entered the Ecumenical Temple
  4288 | D:4      | Found a shimmering blue altar of Sif Muna.
  4289 | D:4      | Found a blossoming altar of Fedhas.
  4289 | D:4      | Found a broken altar of Ashenzari.
  4443 | D:5      | Entered Level 5 of the Dungeon
  4462 | D:4      | Reached skill level 5 in Axes
  5790 | D:5      | Reached XP level 8. HP: 48/48 MP: 8/8
  5981 | D:5      | Found an iron altar of Okawaru.
  5985 | D:5      | Became a worshipper of Warmaster Okawaru
  6059 | D:4      | Found a bloodstained altar of Trog.
  6059 | D:4      | Found a shadowy altar of Dithmenos.
  6438 | D:6      | Reached skill level 1 in Invocations
  6452 | D:6      | Reached skill level 5 in Fighting
  6715 | D:6      | Found an opulent altar of Gozag.
  6760 | D:6      | Noticed a gargoyle
  6782 | D:7      | Reached * piety under Okawaru
  7097 | D:6      | Slain by a gargoyle

Illustrated notes

Levels and vault maps discovered:
D:1:      dpeg_arrival_line_fractal, layout_loops_cross, skrybe_limestone_x,
          dreamdust_mushroom_princess
D:2:      layout_basic, basic_altar, supply_closet_lemuel
D:3:      layout_loops_ring, dancing_weapons_uskayaw, uniq_terence, uniq_jessica
D:4:      layout_rooms, nicolae_overflow_hidden_temple, minmay_temple_entry_mist
D:5:      layout_basic, mainiacjoe_overflow_tiny_flanked
D:6:      layout_cave_pools, grunt_gozag_statues, kb_rosetta
D:7:      lemuel_insect_pit, layout_basic, tso_oasis_becter, lemuel_round_altar,
          nzn_random_ring
Temple:   chequers_temple_sunken

Skill      XL: |  1  2  3  4  5  6  7  8 |
---------------+-------------------------+-----
Axes           | 2 3 4 5 6 |  6.6
Armour         | 4 5 6 |  6.4
Fighting       | 4 5 |  5.1
Shields        | 4 |  4.9
Invocations    | 2 |  2.2

Action                   |  1- 3 |  4- 6 |  7- 9 || total
-------------------------+-------+-------+-------++-------
Melee: War axe           |    97 |   116 |   134 ||   347
  Use: Scroll            |       |     7 |     4 ||    11
       Potion            |       |     3 |     1 ||     4
Armor: Scale mail        |    69 |   106 |    51 ||   226
       Chain mail        |       |       |   105 ||   105
Dodge: Dodged            |    67 |    68 |    87 ||   222
       Repelled          |       |       |     1 ||     1
Block: Buckler           |    27 |    24 |    46 ||    97

Table legend: (Time is in decaauts)
 A = Elapsed time spent in this place.
 B = Non-inter-level travel time spent in this place.
 C = Inter-level travel time spent in this place.
 D = Time resting spent in this place.
 E = Time spent auto-exploring this place.
 F = Levels seen in this place.
 G = Mean time per level.
                   A        B        C        D        E       F      G
               +--------+--------+--------+--------+--------+-----+--------+
         Total |   7293 |   7276 |     17 |   3271 |   2883 |   8 |  911.6 |
       Dungeon |   7032 |   7015 |     17 |   3271 |   2692 |   7 | 1004.6 |
        Temple |    261 |    261 |      0 |      0 |    190 |   1 |  261.0 |
               +--------+--------+--------+--------+--------+-----+--------+

Top non-repeatable levels by time:
     D:4: 2286 daAuts
     D:3: 1618 daAuts
     D:1: 1386 daAuts
     D:5: 842 daAuts
     D:6: 380 daAuts
     D:7: 316 daAuts
  Temple: 261 daAuts
     D:2: 201 daAuts
